 Dungeon Crawl Stone Soup version 0.31-a0-431-g88bdf31460 (webtiles) character file.

Game seed: 995145869786920456

146 Maxmaps the Sneak (level 5, 0/36 HPs)
             Began as an Octopode Shapeshifter on Aug 1, 2023.
             Slain by an orc wizard
             ... wielding a +0 dagger
              (5 damage)
             ... on level 3 of the Dungeon.
             The game lasted 00:01:55 (2075 turns).

Maxmaps the Sneak (Octopode Shapeshifter)           Turns: 2075, Time: 00:01:56

Health: 0/36       AC:  1    Str: 14    XL:     5   Next: 28%
Magic:  5/5        EV: 13    Int: 12    God:
Gold:   97         SH:  0    Dex: 13    Spells: 4/4 levels left

rFire   . .          .
                       - Unarmed
rCold   . . .        (no shield)
rNeg    . . .        (helmet currently unavailable)
rPois   .            (no amulet)
rElec   .            (no ring)
rCorr   .            (no ring)
SInv    .            (no ring)
Will    .....        (no ring)
Stlth   ++++         (no ring)
HPRegen 0.26/turn    (no ring)
MPRegen 0.09/turn    (no ring)
                     (no ring)

%: no passive effects
@: beast-form
A: beast (slay +2), almost no armour, amphibious, 8 rings, camouflage 1,
gelatinous body 1, (nimble swimmer 1), tentacles
a: Begin Untransformation


You were on level 3 of the Dungeon.
You were a hulking beast.
You visited 1 branch of the dungeon, and saw 3 of its levels.

You collected 97 gold pieces.

Inventory:

Talismans
 b - a beast talisman (active)
Scrolls
 c - a scroll of silence {unknown}
 g - a scroll of poison {unknown}
 h - a scroll of enchant armour {unknown}
 j - a scroll of fog {unknown}
Potions
 d - a potion of attraction
 f - a potion of mutation {unknown}
 i - a potion of might {unknown}


   Skills:
 + Level 3.3 Fighting
 - Level 2.0 Dodging
 - Level 5.0 Stealth
 - Level 3.0 Unarmed Combat
 - Level 3.0 Shapeshifting


You had 4 spell levels left.
You didn't know any spells.
Your spell library was empty.

Dungeon Overview and Level Annotations

Branches:
Dungeon (3/15)

Altars:


Innate Abilities, Weirdness & Mutations

You are a hulking beast.
Your limbs bulge with bestial killing power. (Slay +2)
You cannot wear most types of armour.
You are amphibious.
You can wear up to eight rings at the same time.
Your skin changes colour to match your surroundings (Stealth+).
Your rubbery body absorbs attacks. (AC +1, EV +1)
((You are camouflaged when in or above water. (Stealth+)))
You have tentacles for arms and can constrict up to eight enemies at once.


Message History

You smack the hobgoblin!
You kill the hobgoblin!
The orc hits you but does no damage. Something hits you but does no damage.
You hit the orc but do no damage. Something hits you but does no damage.
The orc hits you but does no damage. The orc hits you with a +0 club.
You barely miss the orc. Something hits you but does no damage.
The orc hits you but does no damage. x2
You closely miss the orc. Something hits you but does no damage.
The orc hits you but does no damage. The orc barely misses you.
You hit the orc.
The orc is almost dead.
The orc hits you but does no damage. x2; Something hits you but does no damage.
You smack the orc!
You kill the orc!
You feel less wooden.
You turn into a hulking beast.
Something hits you. The orc closely misses you. The orc misses you.
Something hits you.
Things that are here:
a +0 club; an orc corpse You closely miss the orc.
You grab the orc. You constrict the orc. Something hits you.
The orc barely misses you.
You tentacle-slap the orc but do no damage.
The orc is moderately wounded.
You constrict the orc. The orc hits you with a +0 dagger.
* * * LOW HITPOINT WARNING * * *
Something hits you.
* * * LOW HITPOINT WARNING * * *
You miss something. You squeeze something. You constrict the orc.
Something hits you.
* * * LOW HITPOINT WARNING * * *
The orc barely misses you.
You tentacle-slap something. Your squeeze misses something.
You constrict the orc.
You kill the orc!
You hear some strange, mumbled words.
Something tries to affect you, but you resist.
You miss something. Something hits you.
* * * LOW HITPOINT WARNING * * *
You barely miss something. Something hits you.
You die...

... #........#.....
.....###........#.##..
#.....†..##...†##.##..
###...########.#.......#
.... ..# ###.......####
#.. #.# #.......#.###.
#.#...#.# #.#..#..#÷##.#
......#.###.#..#......##
#...{h).#.........##.#
#.#.###.#.#.......#.##).
#..................##..
##.##.##.#.......######
......##.....##
#..#.##.####.### #..#.
#.# #.# #. ..
#.####.#### # ##
#.#...)...#


There were no monsters in sight!

Vanquished Creatures
  2 orc priests (D:3)
  2 adders
  A gnoll (D:1)
  2 orcs (D:3)
  4 bats
  6 endoplasms
  3 giant cockroaches
  7 goblins
  7 hobgoblins
  5 kobolds
  2 quokkas
  5 ball pythons
  4 frilled lizards
  6 rats
56 creatures vanquished.

Notes
Turn   | Place    | Note
-------+----------+-------------------------------------------
     0 | D:1      | Maxmaps the Octopode Shapeshifter began the quest for the
                  | Orb.
     0 | D:1      | Reached XP level 1. HP: 13/13 MP: 1/1
   119 | D:1      | Reached skill level 1 in Stealth
   172 | D:1      | Reached skill level 2 in Stealth
   217 | D:1      | Reached XP level 2. HP: 16/18 MP: 2/2
   354 | D:1      | Reached skill level 3 in Stealth
   633 | D:1      | Reached skill level 4 in Stealth
   633 | D:1      | Reached XP level 3. HP: 8/23 MP: 3/3
  1174 | D:2      | Reached skill level 5 in Stealth
  1677 | D:2      | Reached XP level 4. HP: 28/28 MP: 4/4
  2048 | D:3      | HP: 2/43 [orc priest/divine providence (14)]
  2059 | D:3      | Reached XP level 5. HP: 27/36 MP: 5/5
  2075 | D:3      | Slain by an orc wizard

Illustrated notes

Levels and vault maps discovered:
D:1:      evilmike_arrival_rings, layout_basic, serial_forest,
          infiniplex_forest_clump_small, infiniplex_forest_lined_1,
          infiniplex_forest_zigzag_2, infiniplex_forest_side_room,
          infiniplex_forest_corner_2, infiniplex_forest_lined_room_3,
          minivault_27
D:2:      layout_loops_ring
D:3:      layout_loops_cross, tgw_trog

Skill      XL: |  1  2  3  4 |
---------------+-------------+-----
Stealth        | 2 4 5 |  5.0
Fighting       | 3 |  3.3
Dodging        | |  2.0
Unarmed Combat | |  3.0
Shapeshifting  | |  3.0

Action                     |  1- 3 |  4- 6 || total
---------------------------+-------+-------++-------
  Melee: Unarmed           |    55 |    63 ||   118
         Constrict         |    13 |     9 ||    22
         Punch             |     3 |     3 ||     6
         Tentacles         |     9 |     4 ||    13
    Use: Scroll            |     2 |       ||     2
         Potion            |       |     2 ||     2
   Stab: Sleeping          |    12 |     5 ||    17
 Armour: Skin              |     2 |    60 ||    62
  Dodge: Dodged            |    24 |    26 ||    50

Table legend: (Time is in decaauts)
 A = Elapsed time spent in this place.
 B = Non-inter-level travel time spent in this place.
 C = Inter-level travel time spent in this place.
 D = Time resting spent in this place.
 E = Time spent auto-exploring this place.
 F = Levels seen in this place.
 G = Mean time per level.
                   A        B        C        D        E       F      G
               +--------+--------+--------+--------+--------+-----+--------+
         Total |   2067 |   2025 |     42 |    150 |   1575 |   3 |  689.0 |
       Dungeon |   2067 |   2025 |     42 |    150 |   1575 |   3 |  689.0 |
               +--------+--------+--------+--------+--------+-----+--------+

Top non-repeatable levels by time:
     D:1: 997 daAuts
     D:2: 747 daAuts
     D:3: 322 daAuts
